Map: Terraform LE (Void)

Players

HzVee

  • Race: Protoss Protoss

DerekOfAuiR - Winner!

  • Race: Protoss Protoss
  • League: Grandmaster

VOD

Have the link to the VOD?

Description

Time

  • Played on: Oct. 16, 2015, 1:28 a.m.
  • Length: 7:44
Show
View Real Time Build Order
Export as new Build Order

HzVee Protoss 

Build Orders:  

Get SALT Encoding   

  12  0:04  Probe (Chrono Boost)  
  13  0:15  Probe (Chrono Boost)  
  13  0:18  Pylon  
  14  0:26  Probe (Chrono Boost)  
  15  0:36  Gateway  
  15  0:42  Probe (Chrono Boost)  
  16  0:47  Assimilator  
  16  0:52  Probe (Chrono Boost)  
  17  1:03  Probe (Chrono Boost)  
  18  1:13  Probe (Chrono Boost)  
  19  1:27  Cybernetics Core  
  19  1:30  Probe (Chrono Boost)  
  20  1:33  Assimilator  
  20  1:40  Pylon  
  20  1:41  Probe (Chrono Boost)  
  21  1:51  Probe (Chrono Boost)  
  22  2:02  Probe (Chrono Boost)  
  22  2:04  Gateway  
  23  2:13  Probe  
  23  2:14  Gateway  
  24  2:19  Forge  
  24  2:24  Pylon  
  24  2:36  Zealot (Chrono Boost)  
  26  3:10  Stalker (Chrono Boost)  
  24  3:26  Pylon, Zealot (Chrono Boost)  
  26  3:30  Photon Cannon  
  23  3:46  Zealot (Chrono Boost)  
  10  4:16  Nexus  
  7  4:18  Pylon  
  7  4:22  Pylon  
  5  4:32  Photon Cannon  
  5  4:33  Photon Cannon  
  5  5:27  Probe  
  6  5:38  Probe  
  7  5:48  Probe  
  8  5:59  Probe  
  9  6:13  Probe  
  10  6:24  Probe  
  11  6:41  Photon Cannon  
  11  6:48  Probe  
  12  7:01  Probe  
  13  7:11  Probe  
  14  7:21  Pylon  
  14  7:22  Probe  
Show
View Real Time Build Order
Export as new Build Order

DerekOfAuiR Protoss - Winner!

Build Orders:  

Get SALT Encoding   

  12  0:03  Probe (Chrono Boost)  
  13  0:16  Probe (Chrono Boost)  
  14  0:23  Pylon  
  14  0:43  Probe (Chrono Boost)  
  14  0:46  Gateway  
  15  0:55  Pylon  
  15  1:02  Assimilator  
  15  1:14  Forge  
  15  1:17  Probe (Chrono Boost)  
  16  1:35  Pylon  
  16  1:36  Zealot  
  18  1:41  Probe (Chrono Boost)  
  19  1:51  Probe (Chrono Boost)  
  20  1:55  Photon Cannon  
  20  2:07  Cybernetics Core  
  20  2:14  Photon Cannon  
  20  2:17  Pylon  
  20  2:26  Zealot  
  22  2:38  Photon Cannon  
  22  2:52  Mothership Core (Chrono Boost)  
  24  3:05  Photon Cannon  
  24  3:16  Probe (Chrono Boost)  
  25  3:20  Assimilator  
  25  3:26  Probe (Chrono Boost)  
  26  3:37  Probe (Chrono Boost)  
  27  3:48  Probe (Chrono Boost)  
  28  3:52  Pylon  
  28  3:58  Probe (Chrono Boost), Warp Gate (Chrono Boost)  
  29  4:04  Gateway  
  29  4:06  Gateway  
  29  4:09  Probe (Chrono Boost)  
  26  4:32  Probe (Chrono Boost)  
  27  4:41  Gateway  
  27  4:42  Probe (Chrono Boost)  
  28  4:45  Pylon  
  28  4:59  Probe (Chrono Boost)  
  29  5:09  Probe (Chrono Boost), Photon Cannon  
  30  5:25  Nexus  
  30  5:40  Pylon  
  30  5:46  Protoss Ground Weapons Level 1  
  30  6:07  Stalker x2  
  30  6:08  Stalker x2  
  30  6:09  Twilight Council  
  38  6:30  Probe  
  39  6:38  Photon Cannon  
  39  6:42  Probe, Assimilator  
  39  6:46  Assimilator  
  40  7:04  Adept  
  40  7:06  Adept  
  44  7:13  Adept  
  44  7:14  Adept  
Tags
 
Add a new tag
Caveats
  • Supply blocks, unpowered buildings, or Contaminate may cause inaccurate times.
  • Supply counts are checked every 10 seconds.